Cogmind - Beta 11 X5 @@@ ROGUE MODE // 2021.07.14 @ 12:57:17 // AFD2020/Player2 Player: BFG Shutdown #2 Result: Self-destructed Performance ------------- Evolutions (1) 500 Regions Visited (5) 1000 Robots Destroyed (14) 70 Value Destroyed (278) 278 Prototype IDs (1) 20 Alien Tech Used (0) 0 Bonus (479) 479 TOTAL SCORE: 2347 Bonus ------- Follower Combat Kills 509 Friendly Fire -30 Cogmind --------- Core Integrity 372/400 Matter 300/300 Energy 250/250 System Corruption 0% Temperature Cool (0) Movement Walking (120) Location -9/Exiles Parts ------- > --- POWER (1) -------- Ion Engine > --- PROPULSION (3) --- Aluminum Leg Carbon-fiber Leg Carbon-fiber Leg > --- UTILITY (3) ------ Small Storage Unit Decoy Drone Bay (16/16) > --- WEAPON (2) ------- Beamcaster Bore Cannon > --- INVENTORY (8) ---- Aluminum Leg Aluminum Leg Improved Light Armor Plating Improved Light Armor Plating Grenade Launcher Blade Trap Blade Trap Blade Trap Peak State ------------ > --- POWER ------------ Ion Engine > --- PROPULSION ------- Aluminum Leg Carbon-fiber Leg Carbon-fiber Leg > --- UTILITY ---------- Small Storage Unit Decoy Drone Bay > --- WEAPON ----------- Beamcaster Bore Cannon > --- INVENTORY -------- Aluminum Leg Aluminum Leg Aluminum Leg Improved Light Armor Plating Grenade Launcher Blade Trap Blade Trap Blade Trap [Rating: 34] Favorites ----------- Power Ion Engine Engine Ion Engine Propulsion Aluminum Leg Treads Light Treads Leg Aluminum Leg Utility Small Storage Unit Device Improved Terrain Scanner Storage Small Storage Unit Processor Seismic Analyzer Protection Core Shielding Weapon Beamcaster Energy Gun Beamcaster Ballistic Gun Light Assault Rifle Ballistic Cannon Bore Cannon Launcher Grenade Launcher Build | -11 -10 -10 -9 -9 -9 ------- Run | Scr Mat Min Mat Min Exi Slots Evolved 2 | . . . 2 . . Power . | . . . . . . Propulsion 1 | . . . 1 . . Utility 1 | . . . 1 . . Weapon . | . . . . . . Parts Attached 39 | 10 9 11 7 2 . Power 7 | 1 3 1 1 1 . Engine 7 | 1 3 1 1 1 . Core . | . . . . . . Reactor . | . . . . . . Propulsion 8 | 3 1 3 1 . . Treads 1 | 1 . . . . . Leg 7 | 2 1 3 1 . . Wheel . | . . . . . . Hover . | . . . . . . Flight . | . . . . . . Utility 13 | 3 2 2 5 1 . Device 4 | 1 1 1 . 1 . Storage 1 | 1 . . . . . Processor 2 | 1 . . 1 . . Hackware . | . . . . . . Protection 6 | . 1 1 4 . . Artifact . | . . . . . . Weapon 11 | 3 3 5 . . . Energy Gun 5 | 1 2 2 . . . Energy Cannon . | . . . . . . Ballistic Gun 3 | 2 . 1 . . . Ballistic Cannon 1 | . . 1 . . . Launcher 2 | . 1 1 . . . Special Weapon . | . . . . . . Impact Weapon . | . . . . . . Slashing Weapon . | . . . . . . Piercing Weapon . | . . . . . . Special Melee Weapon . | . . . . . . Unidentified Prototypes 1 | . . . . 1 . Parts Lost . | . . . . . . Power . | . . . . . . Propulsion . | . . . . . . Utility . | . . . . . . Weapon . | . . . . . . Highest Loss Streak . | . . . . . . Average Slot Usage (%) 96 | . 100 96 99 97 88 Engine 12 | . 14 14 11 11 11 Leg 29 | . 28 27 33 33 33 Device 3 | . 9 . . 2 11 Storage 12 | . 14 14 11 11 11 Protection 12 | . 4 13 21 17 . Energy Gun 16 | . 23 18 11 11 11 Ballistic Gun 2 | . 4 3 . . . Ballistic Cannon 5 | . . 3 11 11 11 Naked Turns . | . . . . . . Heaviest Build 38 | 14 15 29 38 38 38 Greatest Support 40 | 20 20 30 40 40 40 Greatest Overweight (x) 1 | 1 . . . . . Average Overweight (x) . | . . . . . . Largest Inventory Capacity 8 | 8 8 8 8 8 8 Average Capacity 7 | 7 8 8 8 8 8 Most Carried 8 | 5 8 8 8 8 8 Average Carried 6 | 3 5 7 7 7 8 Final Capacity 8 | 8 8 8 8 8 8 Final Carried 8 | 5 8 8 7 8 8 Class Distribution -------------------- 51% | Scavenger-Mutant 48% | Mutant Dominant Class ---------------- Mutant | -10/Materials Scavenger-Mutant | -10/Mines Scavenger-Mutant | -9/Materials Scavenger-Mutant | -9/Mines Scavenger-Mutant | -9/Exiles Resources | -11 -10 -10 -9 -9 -9 ----------- Run | Scr Mat Min Mat Min Exi Matter Collected 717 | 398 45 122 97 55 . Remotely . | . . . . . . Salvage Created 442 | 236 136 48 . 22 . Parts 31 | 21 6 2 . 2 . Haulers Intercepted . | . . . . . . Recyclers Shooed . | . . . . . . Parts Field Recycled . | . . . . . . Retrieved Matter . | . . . . . . Parts Self-Destructed . | . . . . . . Prevented . | . . . . . . Kills | -11 -10 -10 -9 -9 -9 ------- Run | Scr Mat Min Mat Min Exi Combat Hostiles Destroyed 5 | . 3 1 . 1 . Guns 4 | . 3 1 . . . Cannons 1 | . . . . 1 . Classes Destroyed 3 | 2 1 . . . . Tunneler 8 | 8 . . . . . Recycler 1 | 1 . . . . . Grunt 5 | . 3 1 . 1 . Best Kill Streak 5 | 5 2 1 . 1 . Combat Bots Only 2 | . 2 1 . 1 . Max Kills in Single Turn 1 | 1 1 1 . 1 . Gunslinging . | . . . . . . Exploded . | . . . . . . Melee . | . . . . . . Uniques/NPCs Destroyed . | . . . . . . Combat | -11 -10 -10 -9 -9 -9 -------- Run | Scr Mat Min Mat Min Exi Damage Taken 324 | . 174 63 12 75 . Core 45 | . 27 . . 18 . Absorbed by Shields . | . . . . . . Core Remaining (%) 92 | 100 . 85 . . . Volleys Fired 66 | 44 13 2 2 5 . Largest 2 | 2 2 1 2 2 . Hottest 132 | 70 90 75 132 132 . Shots Fired 100 | 59 26 2 3 10 . Gun 94 | 59 26 2 2 5 . Cannon 6 | . . . 1 5 . Launcher . | . . . . . . Special . | . . . . . . Kinetic 55 | 44 5 . 1 5 . Thermal 37 | 15 13 2 2 5 . Explosive . | . . . . . . Electromagnetic 8 | . 8 . . . . Robot Hit Streak 12 | 12 5 2 3 2 . Robot Miss Streak 3 | 3 3 . . 1 . Penetration Max . | . . . . . . Secondary Targets . | . . . . . . Shots Hit Robots 66 | 43 15 2 1 5 . Core Hits 21 | 12 7 1 . 1 . Critical Kills . | . . . . . . Critical Parts Destroyed 1 | . . . . 1 . Critical Strikes 2 | . . . 1 1 . Burn 1 | . . . 1 . . Destroy 1 | . . . . 1 . Melee Attacks . | . . . . . . Impact . | . . . . . . Slashing . | . . . . . . Piercing . | . . . . . . Sneak Attacks . | . . . . . . Combat Hostiles . | . . . . . . Follow-up Attacks . | . . . . . . Damage Inflicted 897 | 486 198 80 22 111 . Guns 811 | 484 198 44 22 63 . Cannons 48 | . . . . 48 . Explosions . | . . . . . . Melee . | . . . . . . Ramming 38 | 2 . 36 . . . Kinetic 456 | 373 35 . . 48 . Thermal 340 | 111 100 44 22 63 . Explosive . | . . . . . . Electromagnetic 63 | . 63 . . . . Impact . | . . . . . . Slashing . | . . . . . . Piercing . | . . . . . . Highest Corruption . | . . . . . . Average Corruption . | . . . . . . Corruption Purged . | . . . . . . Overload Shots . | . . . . . . Overflow Damage . | . . . . . . Projectiles . | . . . . . . Explosions . | . . . . . . Melee . | . . . . . . Knockbacks 2 | . . 2 . . . Impact 2 | . . 2 . . . Kinetic . | . . . . . . Secondary . | . . . . . . Self-Inflicted Damage . | . . . . . . Shots . | . . . . . . Rammed . | . . . . . . Targets Rammed 8 | 1 . 7 . . . Kicked 8 | 1 . 7 . . . Crushed . | . . . . . . Highest Temperature 225 | 150 42 85 81 225 . Average Temperature 59 | 59 20 45 35 100 . Received Heat Transfer 132 | . 93 30 . 9 . Siege Activations . | . . . . . . Robots Corrupted . | . . . . . . Combat Hostiles . | . . . . . . Parts Fried . | . . . . . . Impact Corruptions . | . . . . . . Robots Melted . | . . . . . . Combat Hostiles . | . . . . . . Parts Melted 2 | . 2 . . . . Heat Transferred 925 | 333 296 74 111 111 . Parts Sabotaged . | . . . . . . Parts Stolen . | . . . . . . Parts Stripped . | . . . . . . Power Chain Reactions . | . . . . . . Missiles Intercepted . | . . . . . . Alert | -11 -10 -10 -9 -9 -9 ------- Run | Scr Mat Min Mat Min Exi Peak Influence 413 | 40 165 238 234 413 . Initial 91 | . 3 64 17 91 . Average 104 | 23 101 71 77 245 . Maximum Alert Level 2 | . . 1 1 2 . Low Security (%) 80 | 100 100 95 89 22 . Level 1 15 | . . 4 10 62 . Level 2 3 | . . . . 15 . Level 3 . | . . . . . . Level 4 . | . . . . . . Level 5 . | . . . . . . High Security . | . . . . . . Max Security . | . . . . . . Squads Dispatched 3 | . 2 . 1 . . Investigation 1 | . . . 1 . . Extermination . | . . . . . . Reinforcement 2 | . 2 . . . . Assault . | . . . . . . Garrison . | . . . . . . Intercept . | . . . . . . Construction Impeded . | . . . . . . Haulers Reinforced . | . . . . . . Cargo Convoy Interrupts . | . . . . . . Stealth | -11 -10 -10 -9 -9 -9 --------- Run | Scr Mat Min Mat Min Exi Distress Signals 1 | . . . 1 . . Communications Jammed . | . . . . . . Distress Signals . | . . . . . . Times Spotted 28 | . 7 6 5 10 . Peak Tracking Total 3 | . 2 3 3 3 . Tactical Retreats . | . . . . . . Traps | -11 -10 -10 -9 -9 -9 ------- Run | Scr Mat Min Mat Min Exi Traps Triggered . | . . . . . . Indirectly . | . . . . . . Trap Hack Attempts . | . . . . . . Triggered . | . . . . . . Disarmed . | . . . . . . Reprogrammed . | . . . . . . Reused . | . . . . . . Traps Extracted . | . . . . . . Installed . | . . . . . . Triggered . | . . . . . . Machines | -11 -10 -10 -9 -9 -9 ---------- Run | Scr Mat Min Mat Min Exi Machines Disabled 2 | . . . 1 1 . Max in Single Turn 1 | . . . 1 . . Machines Sabotaged . | . . . . . . Garrisons Compromised . | . . . . . . Overloaded Fab Kills . | . . . . . . Fab Network Shutdowns . | . . . . . . Hacking | -11 -10 -10 -9 -9 -9 --------- Run | Scr Mat Min Mat Min Exi Machines Accessed 6 | . 2 2 1 1 . Terminals 5 | . 2 1 1 1 . Fabricators . | . . . . . . Repair Stations . | . . . . . . Recycling Units . | . . . . . . Scanalyzers . | . . . . . . Garrison Access . | . . . . . . Total Hacks 15 | . 5 5 3 2 . Successful 7 | . 1 3 1 2 . Failed 8 | . 4 2 2 . . Catastrophic 1 | . . 1 . . . Database Lockouts . | . . . . . . Manual 4 | . . 3 . 1 . Terminals 14 | . 5 4 3 2 . Fabricators . | . . . . . . Repair Stations . | . . . . . . Recycling Units . | . . . . . . Scanalyzers . | . . . . . . Garrison Access . | . . . . . . Terminal Hacks 7 | . 1 3 1 2 . Robot Schematic 1 | . . 1 . . . Robot Analysis 1 | . . . . 1 . Open Door 1 | . . 1 . . . Level Access Points 1 | . . 1 . . . Branch Access Points 1 | . 1 . . . . Patrol Status 2 | . . . 1 1 . Fabricator Hacks . | . . . . . . Repair Station Hacks . | . . . . . . Recycling Unit Hacks . | . . . . . . Scanalyzer . | . . . . . . Garrison Access Hacks . | . . . . . . Unauthorized Hacks . | . . . . . . Terminals . | . . . . . . Fabricators . | . . . . . . Repair Stations . | . . . . . . Recycling Units . | . . . . . . Scanalyzers . | . . . . . . Garrison Access . | . . . . . . Data Cores Recovered . | . . . . . . Used . | . . . . . . Hacking Detections 5 | . 2 1 1 1 . Full Trace Events 1 | . . . 1 . . Feedback Events . | . . . . . . Feedback Blocked . | . . . . . . Robot Schematics Acquired 1 | . . 1 . . . Robots Built . | . . . . . . Matter . | . . . . . . Time . | . . . . . . Total Robot Build Rating . | . . . . . . Part Schematics Acquired . | . . . . . . Parts Built . | . . . . . . Matter . | . . . . . . Time . | . . . . . . Total Part Build Rating . | . . . . . . Parts Repaired . | . . . . . . Time . | . . . . . . Parts Recycled . | . . . . . . Recycled Matter . | . . . . . . Retrieved Matter . | . . . . . . Retrieved Components . | . . . . . . Parts Scanalyzed . | . . . . . . Part Schematics Acquired . | . . . . . . Parts Damaged . | . . . . . . Bothacking | -11 -10 -10 -9 -9 -9 ------------ Run | Scr Mat Min Mat Min Exi Used RIF Installer . | . . . . . . Robots Hacked . | . . . . . . Non-combat . | . . . . . . Combat . | . . . . . . Robot Hacks Applied . | . . . . . . Relay Couplers Released . | . . . . . . Robots Rewired . | . . . . . . Allies Hacked . | . . . . . . Hacks Repelled . | . . . . . . Allies | -11 -10 -10 -9 -9 -9 -------- Run | Scr Mat Min Mat Min Exi Total Allies 5 | . 1 4 . . . Largest Group 5 | . 1 5 5 5 1 Highest-Rated Group 135 | . 57 132 135 135 65 Highest-Rated Ally 65 | . 57 61 64 65 65 Total Orders . | . . . . . . Ally Attacks 76 | . 13 8 9 46 . Total Damage 1172 | . 167 152 147 706 . Kills 22 | . 2 5 4 11 . Allies Corrupted . | . . . . . . Allies Melted . | . . . . . . Intel | -11 -10 -10 -9 -9 -9 ------- Run | Scr Mat Min Mat Min Exi Robot Analysis Total 1 | . . . . 1 . Derelict Logs Recovered 2 | . . 1 . 1 . Drone Launches . | . . . . . . Drone Recoveries . | . . . . . . Exploration | -11 -10 -10 -9 -9 -9 ------------- Run | Scr Mat Min Mat Min Exi Turns Passed 2355 | 463 309 797 155 480 151 Spaces Moved 1568 | 276 183 564 94 326 125 Core 16 | 16 . . . . . Treads 39 | 39 . . . . . Legs 1513 | 221 183 564 94 326 125 Wheels . | . . . . . . Hover . | . . . . . . Flight . | . . . . . . Fastest Speed 50 | 50 120 120 120 120 120 Average Speed 120 | 122 120 120 120 120 120 Slowest Speed 200 | 200 120 120 120 120 120 Overloaded Moves . | . . . . . . Propulsion Burnouts . | . . . . . . Robots Hopped . | . . . . . . Cave-ins Triggered . | . . . . . . Exploration Rate (%) 40 | 9 27 98 11 54 41 Regions Visited 5 Branch Regions 3 Pre-discovered Areas 1 | . . 1 . . . Known Exits Taken 3 | . 1 1 1 . . Unknown Exits Taken 2 | 1 . . . 1 . Scrap Searched 1 | . . . . 1 . Spaces Dug . | . . . . . . Terrain Destroyed 5 | . . . 1 4 . Melee . | . . . . . . Projectile 5 | . . . 1 4 . AOE . | . . . . . . Terrain Rammed . | . . . . . . Walls Destroyed . | . . . . . . Machines Disabled . | . . . . . . Actions | -11 -10 -10 -9 -9 -9 --------- Run | Scr Mat Min Mat Min Exi Total 1936 | 340 248 683 132 408 125 Wait 204 | 4 29 81 24 66 . Move 1563 | 275 182 563 93 325 125 Hop . | . . . . . . Pick Up 22 | 3 6 6 2 5 . Fast Attach 23 | 10 4 5 4 . . Attach 6 | . 2 2 1 1 . Detach 4 | 3 1 . . . . Swap 10 | . 3 4 2 1 . Drop 30 | . 8 13 4 5 . Fire 66 | 44 13 2 2 5 . Melee . | . . . . . . Ram . | . . . . . . Kick 8 | 1 . 7 . . . Crush . | . . . . . . Escape Stasis . | . . . . . . Rewire . | . . . . . . Trap . | . . . . . . Miscellaneous . | . . . . . . Route ------- -11/Scrapyard -10/Materials (discovered 2 exits: *Min x2) -10/Mines (discovered 2 exits: *Mat x2) -9/Materials -9/Mines -9/Exiles (discovered 1 exit: [*Min]) History --------- Turn | Location | Event 9 | -11/Scrapyard | Discovered new exit (range 16) 464 | -11/Scrapyard | Entered Materials 506 | -10/Materials | Build established: Mutant 564 | -10/Materials | Identified exit to Mines 773 | -10/Materials | Entered Mines 773 | -10/Mines | Accompanied by 1 ally 782 | -10/Mines | Met a Derelict bent on vengeance 821 | -10/Mines | Discovered new exit (range 7) 868 | -10/Mines | Found a hidden stash of uninstalled traps 1069 | -10/Mines | Found the Drone Emporium 1072 | -10/Mines | Learned location of Storage (-8) 1075 | -10/Mines | Found Prototype Device 1239 | -10/Mines | Assisted by bots powering up and referring to "LRC-V3" 1263 | -10/Mines | Identified exit to Materials 1386 | -10/Mines | A weapon hastily lodged in a ceiling crevice suddenly fell to the ground 1448 | -10/Mines | Build established: Scavenger-Mutant 1466 | -10/Mines | Received a Mining Laser from a helpful Derelict 1570 | -10/Mines | Entered Materials 1570 | -9/Materials | Accompanied by 5 allies 1570 | -9/Materials | Evolved 2 slots: Propulsion x1, Utility x1 1706 | -9/Materials | Discovered new exit (range 6) 1715 | -9/Materials | Identified exit to Mines 1725 | -9/Materials | Entered Mines 1725 | -9/Mines | Accompanied by 5 allies 1971 | -9/Mines | Learned 4 Materials zone layouts 2114 | -9/Mines | Identified Decoy Drone Bay 2187 | -9/Mines | Deemed a non-threat by the Exiles lab entrance 2187 | -9/Mines | Discovered new exit (range 5) 2205 | -9/Mines | Entered Exiles 2205 | -9/Exiles | Found Exiles lab abandoned 2205 | -9/Exiles | Accompanied by 1 ally 2221 | -9/Exiles | Discovered new exit (range 15) 2356 | -9/Exiles | Self-destructed Last Messages --------------- 02113_ Dropped Med. Armor Plating. 02113_ Dropped Imp. Light Armor Plating. 02114_ Identified Decoy Drone Bay. 02115_ K-01 Serf collects debris. 02118_ Acquired 10 matter. 02121_ Acquired Aluminum Leg. 02126_ Dropped Aluminum Leg. 02126_ Acquired Aluminum Leg. 02127_ K-01 Serf collects debris. 02135_ Dropped Aluminum Leg. 02137_ K-01 Serf collects debris. 02138_ Acquired Imp. Light Armor Plating. 02140_ K-01 Serf collects debris. 02187_ "No threat detected, you may enter." 02187_ EXIT=FOUND LOCATION=UNKNOWN GOAL=ESCAPE Player 2: "Oh this place, I wonder if they ever found OCT. Poor dude." Player 2: "Keep your sensors peeled, we're not far from an exit." 02221_ EXIT=FOUND Map ----- +----------------------------------------------------+ | ????????????????????# #????????????????????? | | ????????????????????# #????????????????????? | | ????????????????????# X#????????????????????? | | ????????????????????## #?????????????????????? | | ????????????????????#X #?????????????????????? | | ????????????????????## #?????????????????????? | | ?????????????????????# #?????????????????????? | | ?????????????????????# #???###???????????????? | | ?????????????????????# #??"""""??????????????? | | ?????????????????????# ## """??????????????? | | ?????????????????????# X""??????????????? | | ?????????????????????# ## """??????????????? | | ???????????????####??# #??"""""??????????????? | | ???????????????"""""?# #???###???????????????? | | ??????????????"""" ## #?????????????????????? | | ?????????????#""X" #?????????????????????? | | ?????????????#" #?????????????????????? | | ?????????????#" ## #?????????????????????? | | ?????????????#""""""?# #?????????????????????? | | ??????????????#"###??# #?????????????????????? | | ?????????????????????# #???""""??????????????? | | ?????????????????????# @ #??""""""?????????????? | | ????????????????????## ###"" """?????????????? | | ????????????????????#" """"????????????? | | ????????????????????#" """????????????? | | ????????????????????#" @ """????????????? | | ????????????????????#" """????????????? | | ????????????????????#" """????????????? | | ????????????????????#" """????????????? | | ????????????????????## """????????????? | | ?????????????????????# """????????????? | | ?????????????????????#" "X" """????????????? | | ?????????????????????#" """ ?????????????? | | ?????????????????????#" """""""""????????????? | | ????????????????????##" #######???????????????? | | ???????????????????##"" #?????????????????????? | | ?????????????????###"" #?????????????????????? | | ????????????????"""""" ##????????????????????? | | ???????????????"" " "" ##???#########???????? | | ??????????????""" " #####"""""""""##????? | | ????????????? " " """ """"#????? | | ??????????? "" " #???? | | ??????????? " """#???? | | ??????????? " "#???? | | ??????????? " "##??? | | ??????????? ""###? | | ???????????? """""" """#? | | ???????????? ######""" "#? | | ????????????? ""#?????#####""" ## | | ?????????????"?"#??????????##""" # | +----------------------------------------------------+ Best States ------------- Heat Dissipation 39 Energy Generation 18 Energy Capacity 250 Matter Stores 300 Matter Capacity 300 Sight Range 16 Terrain Scan Range 16 Terrain Scan Density 60 Armor Coverage 375 Core Shielding 20 Evasion (%) 55 Recoil Reduction 1 Item Schematics ----------------- None Robot Schematics ------------------ M-13 Machinist | -10/Mines | Hacked Fabricated ------------ Nothing Alien Tech Used ----------------- None Achievements -------------- None Challenges ------------ None Player 2 | -11 -10 -10 -9 -9 -9 ---------- Run | Scr Mat Min Mat Min Exi Slots Evolved 2 | . . 2 . . . Power . | . . . . . . Propulsion 2 | . . 2 . . . Utility . | . . . . . . Weapon . | . . . . . . Parts Attached 17 | . 7 4 5 1 . Parts Lost . | . . . . . . Damage Taken 132 | . 59 48 . 25 . Core 20 | . 10 . . 10 . Player 2/Cogmind (%) 30 | . 27 . . 35 . Absorbed by Shields . | . . . . . . Damage Inflicted 664 | . 167 152 . 345 . Player 2/Cogmind (%) 42 | . 45 65 . 75 . Combat Hostiles Destroyed 13 | . 1 5 . 7 . Player 2/Cogmind (%) 72 | . 25 83 . 87 . Game ------ Seed FireCryofiberDisintegrator Manual? 0 Play Time 00:14:04 Cumulative 1965.1 hours Start 2021.07.14 @ 12:43:23 End 2021.07.14 @ 12:57:17 Sessions 1 Manual Loads 0 Difficulty Rogue Special Mode AFD2020/Player2 Game No. 2589 Rogue 2581 Adventurer 0 Explorer 8 Win Type - Total 216 Types 42/28/83/3/3/5/49/2/1 Lore% 99 Gallery% 99 Achievement% 100 Wizard Run 0 Options --------- ASCII 0 Keyboard 1 Movement Vi Keybinds 1 Fullscreen 1 Font 18/SmallcapsGlow Map View 76x50 Tactical HUD 1 Map Filters NONE Filters NONE Steam 1 RUN: 7face163-7992-4a4d-b2ac-efafeec7f199